 Dungeon Crawl Stone Soup version 0.32-a0-837-g8d3e27d251 (webtiles) character file.

Game seed: 16058592005829928875

9 Essalna the Digger (level 2, 0/20 HPs)
             Began as a Demonspawn Earth Elementalist on Mar 26, 2024.
             Slain by an endoplasm (3 damage)
             ... on level 1 of the Dungeon.
             The game lasted 00:00:27 (309 turns).

Essalna the Digger (Demonspawn Earth Elementalist)   Turns: 309, Time: 00:00:28

Health: 0/20       AC:  2    Str:  8    XL:     2   Next: 3%
Magic:  2/5        EV: 11    Int: 15    God:
Gold:   0          SH:  0    Dex: 13    Spells: 4/5 levels left

rFire   . . .        (no weapon)
rCold   . . .        (no shield)
rNeg    . . .        a - +0 robe
rPois   .            (no helmet)
rElec   .            (no cloak)
rCorr   .            (no gloves)
SInv    .            (no boots)
Will    .....        (no amulet)
Stlth   ++           (no ring)
HPRegen 0.23/turn    (no ring)
MPRegen 0.09/turn

%: no passive effects
@: no status effects
A: claws 1
a: no special abilities


You were on level 1 of the Dungeon.
You visited 1 branch of the dungeon, and saw 1 of its levels.

Inventory:

Armour
 a - a +0 robe (worn)
Scrolls
 c - a scroll of fear {unknown}
Potions
 b - a potion of magic
 d - 2 potions of lignification {unknown}
 e - a potion of attraction {unknown}


   Skills:
 + Level 0.5 Fighting
 - Level 1.7 Dodging
 - Level 1.7 Stealth
 + Level 2.1 Spellcasting
 + Level 1.3 Conjurations
 + Level 2.8 Earth Magic


You had 4 spell levels left.
You knew the following spells:

 Your Spells              Type           Power      Damage    Failure   Level
a - Sandblast             Erth           20%        2d7       7%          1

Your spell library contained the following spells:

 Spells                   Type           Power      Damage    Failure   Level
 Passwall                 Erth           10%        N/A       21%         3
 Stone Arrow              Conj/Erth      14%        3d7       28%         3
 Brom's Barrelling Bould  Conj/Erth      7%         2d3       67%         4
 Petrify                  Alch/Erth      5%         N/A       77%         4


Dungeon Overview and Level Annotations

Branches:
Dungeon (1/15)

Altars:


Innate Abilities, Weirdness & Mutations

You have sharp fingernails.


Message History

An endoplasm comes into view.
You are out of magic!
You are out of magic!
You are out of magic!
The endoplasm quivers.
You are out of magic!
You are out of magic!
You are out of magic!
The endoplasm quivers.
The blast of sand hits the endoplasm!
You kill the endoplasm!
You have reached level 2!
Your demonic ancestry asserts itself...
Your fingernails lengthen.
The endoplasm jiggles.
The endoplasm hits you. The endoplasm completely misses you.
The endoplasm barely misses you. The endoplasm closely misses you.
The endoplasm barely misses you. The endoplasm closely misses you.
The endoplasm hits you but does no damage.
The endoplasm freezes you.
You are frozen.
The endoplasm hits you. The endoplasm hits you.
The endoplasm barely misses you. The endoplasm hits you.
The endoplasm freezes you.
You are frozen.
The endoplasm hits you but does no damage.
The endoplasm freezes you.
You are frozen.
The endoplasm hits you.
* * * LOW HITPOINT WARNING * * *
The endoplasm hits you.
* * * LOW HITPOINT WARNING * * *
The endoplasm barely misses you. The endoplasm hits you.
You die...

....######....#..................
.#..###########....#####.......#.
........... #....# #.......#.
..#........ ###..# #....≈≈.#.
#.......... ##.# #....≈≈.#.
##..######### #.# ##......#.
#..........# #.# #.####.#.
#..........######.### #....#.#.
#.........#.#.#@#.#.## ##.<.####
#..............J.....##.#....#
#.........#.#.#.#.#.###.####.#
..#+#..###............##......##
.. ##..####.#.#.#.#.#.#.≈≈....#
.. ##................#.≈≈....#
######.#.#.#.#.#.#.......#
#............#.......##
##.#.#.#.#.#...........


You could see an endoplasm.

Vanquished Creatures
  A ball python (D:1)
  4 endoplasms (D:1)
  A quokka (D:1)
  A frilled lizard (D:1)
7 creatures vanquished.

Notes
Turn   | Place    | Note
-------+----------+-------------------------------------------
     0 | D:1      | Essalna the Demonspawn Earth Elementalist began the quest
                  | for the Orb.
     0 | D:1      | Reached XP level 1. HP: 13/13 MP: 3/3
   288 | D:1      | Gained mutation: You have sharp fingernails. [demonic
                  | ancestry]
   288 | D:1      | Reached XP level 2. HP: 20/20 MP: 0/5
   309 | D:1      | Slain by an endoplasm

Illustrated notes

Levels and vault maps discovered:
D:1:      amcnicky_arrival_double_pillar, layout_basic,
          chequers_serial_rivers_micro_a, st_stairs_11, minmay_tripent

Action                     || total
---------------------------++-------
   Cast: Sandblast         ||    11
 Armour: Robe              ||     9
  Dodge: Dodged            ||    10

Table legend: (Time is in decaauts)
 A = Elapsed time spent in this place.
 B = Non-inter-level travel time spent in this place.
 C = Inter-level travel time spent in this place.
 D = Time resting spent in this place.
 E = Time spent auto-exploring this place.
 F = Levels seen in this place.
 G = Mean time per level.
                   A        B        C        D        E       F      G
               +--------+--------+--------+--------+--------+-----+--------+
         Total |    314 |    314 |      0 |      0 |    243 |   1 |  314.0 |
       Dungeon |    314 |    314 |      0 |      0 |    243 |   1 |  314.0 |
               +--------+--------+--------+--------+--------+-----+--------+

Top non-repeatable levels by time:
     D:1: 314 daAuts
